DALLAS Stars vs PITTSBURGH Penguins

Created - 21 novembre 2018 at 18:55

Goals
1 2 3 T
DALLAS Stars 0 0 0 0
PITTSBURGH Penguins 2 1 0 3
Shots
1 2 3 T
DALLAS Stars 11 9 8 28
PITTSBURGH Penguins 23 18 13 54

1st period

1. PITTSBURGH Penguins , Zach Parise 6 (Robert Bortuzzo 5, Brian Boyle 6) at 1:19
2. PITTSBURGH Penguins , Tanner Pearson 2 (Alexander Radulov 12, Bryan Little 7) at 16:18

Penalties :
Nate Schmidt (PIT) for Roughing (Minor) at 5:52, Dale Weise (DAL) for Hooking (Minor) at 10:40, Nate Schmidt (PIT) for Tripping (Minor) at 16:55, Connor Murphy (DAL) for Roughing (Minor) at 19:07

2nd period

3. PITTSBURGH Penguins , Evgeni Malkin 9 (Jake Guentzel 8, Patrik Laine 10) at 19:11

Penalties :
Chris Stewart (DAL) for Holding (Minor) at 4:48, MacKenzie Weegar (DAL) for Interference (Minor) at 14:57

3rd period

No Goal

Penalties :
Robert Bortuzzo (PIT) for Roughing (Minor) at 1:02, Milan Lucic (DAL) for High sticking (Minor) at 3:12

Goalie Stats

Steve Mason (DAL), 51 saves from 54 shots - (0,944), L, 3-10-0, 60:00 minutes
Devan Dubnyk (PIT), 28 saves from 28 shots - (1,000), W, 13-4-1, 60:00 minutes

Players Stats for DALLAS Stars

Player Name              G  A  P  +/- PIM S  H  SB GA TA FO     MP     PP MP  PK MP  
------------------------------------------------------------------------------------
Ben Hutton               0  0  0  -1  0   2  1  0  0  0  0/0    18:44   3:10   0:57 
Chris Kunitz             0  0  0   0  0   3  1  0  0  0  1/3    17:03   2:36   0:30 
Chris Stewart            0  0  0  -1  2   9  2  0  0  0  6/11   17:56   3:21   2:08 
Connor Murphy            0  0  0  -1  2   0  4  0  0  0  0/0    18:05   0:00   2:22 
Dale Weise               0  0  0  -1  2   1  2  0  0  0  11/23  17:53   3:21   0:00 
Dalton Prout             0  0  0  -1  0   0  3  0  0  0  0/0    17:27   1:55   0:22 
Derek Ryan               0  0  0   0  0   3  0  0  0  0  7/17   13:13   0:00   0:00 
Eric Fehr                0  0  0  -1  0   0  0  0  0  0  13/28  16:01   2:36   0:57 
Eric Gelinas             0  0  0  -1  0   0  2  2  0  0  0/0    22:59   2:47   6:02 
Jamie McGinn             0  0  0   0  0   2  0  0  0  0  2/2    15:49   2:36   0:00 
Lee Stempniak            0  0  0  -1  0   3  1  0  0  0  0/1    14:33   0:00   0:00 
MacKenzie Weegar         0  0  0  -1  2   1  3  1  0  0  0/0    19:49   0:00   6:11 
Mark Barberio            0  0  0  -1  0   2  0  0  0  0  0/0    22:54   4:02   3:56 
Mikkel Boedker           0  0  0  -1  0   0  0  0  0  0  0/0     6:47   0:00   2:53 
Milan Lucic              0  0  0  -1  2   0  0  0  0  0  1/3     3:53   0:00   0:00 
Scott Hartnell           0  0  0  -1  0   1  2  2  0  0  0/0    22:21   3:21   6:32 
Tanner Fritz             0  0  0   0  0   0  0  0  0  0  0/0     0:00   0:00   0:00 
Tyler Ennis              0  0  0  -2  0   1  0  2  0  0  2/17   24:33   0:00   6:50 

Players Stats for PITTSBURGH Penguins

Player Name              G  A  P  +/- PIM S  H  SB GA TA FO     MP     PP MP  PK MP  
------------------------------------------------------------------------------------
Alexander Radulov        0  1  1   1  0   4  4  0  0  0  0/0    19:26   6:10   0:00 
Brian Boyle              0  1  1   1  0   2  0  0  0  0  10/25  13:29   0:00   3:57 
Brooks Orpik             0  0  0   0  0   2  2  3  0  0  0/0     9:38   0:00   2:54 
Bryan Little             0  1  1   1  0   5  0  0  0  0  19/28  18:40   3:45   1:39 
Dustin Brown             0  0  0   1  0   5  0  0  0  0  3/4    17:25   3:45   4:08 
Evgeni Malkin            1  0  1   1  0   13 0  0  0  0  22/35  21:50   6:10   0:00 
Jake Gardiner            0  0  0   0  0   3  1  0  0  0  0/0    28:54   5:29   2:43 
Jake Guentzel            0  1  1   1  0   4  1  0  0  0  0/2    15:40   0:00   0:00 
Jesse Puljujarvi         0  0  0   0  0   0  0  0  0  0  1/1     5:40   0:00   0:00 
Johan Larsson            0  0  0   0  0   0  1  0  0  0  4/5     6:34   0:00   0:10 
Jordan Nolan             0  0  0   0  0   0  1  0  0  0  0/1     5:40   0:00   0:00 
Marc Staal               0  0  0   1  0   3  1  3  0  0  0/0    16:22   0:00   3:08 
Nate Schmidt             0  0  0   1  4   0  0  3  0  0  0/0    25:08   5:29   1:34 
Patrik Laine             0  1  1   1  0   6  1  0  0  0  1/2    21:56   6:10   0:00 
Robert Bortuzzo          0  1  1   2  2   1  2  0  0  0  0/0    22:37   4:26   1:04 
Tanner Pearson           1  0  1   1  0   2  1  0  0  0  2/2    13:55   0:00   0:11 
Thomas Chabot            0  0  0   2  0   0  1  0  0  0  0/0    16:00   4:26   0:31 
Zach Parise              1  0  1   1  0   4  0  0  0  0  0/0    15:06   3:45   1:49 

3 Stars

1 - Devan Dubnyk (PIT)
2 - Steve Mason (DAL)
3 - Tanner Pearson (PIT)

Power Play

DALLAS Stars - 0 on 3 Attempt(s) - 0,00%
PITTSBURGH Penguins - 0 on 5 Attempt(s) - 0,00%

Penalty Kill

DALLAS Stars - 5 on 5 Attempt(s) - 100,00% - Score 0 goal in Penalty Kill
PITTSBURGH Penguins - 3 on 3 Attempt(s) - 100,00% - Score 0 goal in Penalty Kill

Team Stat

DALLAS Stars - Hits : 21 - Faceoff Wins : 43 - Blocked Shots : 7 - Penalty Minutes : 10
PITTSBURGH Penguins - Hits : 16 - Faceoff Wins : 62 - Blocked Shots : 9 - Penalty Minutes : 6

Official

Referees : Unknown
Linesman : Unknown

Game Notes

Brooks Orpik is injured at 4:28 of 2nd period (Strained Right Elbow)

Finance

Level 1 -- Attendance: 5123 (85,38%) -- Ticket Income 512 300 $
Level 2 -- Attendance: 4335 (86,70%) -- Ticket Income 260 100 $
Level 3 -- Attendance: 2000 (100,00%) -- Ticket Income 70 000 $
Level 4 -- Attendance: 4000 (100,00%) -- Ticket Income 80 000 $
Luxury Box -- Attendance: 888 (88,80%) -- Ticket Income 177 600 $
Game was played at the Consol Energy Center.
Total Attendance: 16346 (90,81%)
Total Ticket Income: 1 100 000 $
Other Income: 429 000 $
Total Income: 1 529 000 $

DALLAS Stars

5 vs 5 Forward 
   Center                   Left Wing                Right Wing               Time % Phy DF OF 
 1 Dale Weise               Tyler Ennis              Lee Stempniak            40     1   2  2  
 2 Eric Fehr                Scott Hartnell           Chris Stewart            30     1   2  2  
 3 Derek Ryan               Chris Kunitz             Jamie McGinn             20     1   2  2  
 4 Milan Lucic              Tyler Ennis              Mikkel Boedker           10     1   2  2  

5 vs 5 Defense 
   Defense                  Defense                                           Time % Phy DF OF 
 1 Dalton Prout             Eric Gelinas                                      40     1   2  2  
 2 Mark Barberio            MacKenzie Weegar                                  30     1   2  2  
 3 Connor Murphy            Ben Hutton                                        20     1   2  2  
 4 Connor Murphy            Ben Hutton                                        10     1   2  2  

PowerPlay Forward 
   Center                   Left Wing                Right Wing               Time % Phy DF OF 
 1 Chris Stewart            Scott Hartnell           Dale Weise               60     1   2  2  
 2 Eric Fehr                Chris Kunitz             Jamie McGinn             40     1   2  2  

PowerPlay Defense
   Defense                  Defense                                           Time % Phy DF OF 
 1 Eric Gelinas             Mark Barberio                                     60     1   2  2  
 2 Mark Barberio            Ben Hutton                                        40     1   2  2  

Penalty Kill 4 Players Forward 
   Center                   Wing                     Time % Phy DF OF 
 1 Tyler Ennis              Scott Hartnell           60     1   2  2  
 2 Chris Stewart            Mikkel Boedker           40     1   2  2  

Penalty Kill 4 Players Defense
   Defense                  Defense                  Time % Phy DF OF 
 1 Eric Gelinas             MacKenzie Weegar         60     1   2  2  
 2 Mark Barberio            MacKenzie Weegar         40     1   2  2  

Penalty Kill - 3 Players Forward 
   Forward                                           Time % Phy DF OF 
 1 Tyler Ennis                                       60     1   2  2  
 2 Chris Kunitz                                      40     1   2  2  

Penalty Kill - 3 Players Defense
   Defense                  Defense                  Time % Phy DF OF 
 1 Dalton Prout             Eric Gelinas             60     1   2  2  
 2 Mark Barberio            MacKenzie Weegar         40     1   2  2  

4 vs 4 Forward 
   Center                   Wing                     Time % Phy DF OF 
 1 Chris Kunitz             Chris Stewart            60     1   2  2  
 2 Tyler Ennis              Mikkel Boedker           40     1   2  2  

4 vs 4 Defense
   Defense                  Defense                  Time % Phy DF OF 
 1 Eric Gelinas             Mark Barberio            60     1   2  2  
 2 Mark Barberio            MacKenzie Weegar         40     1   2  2  

Last Minutes Offensive
   Center                   Left Wing                Right Wing               Defense                  Defense                  
   Eric Fehr                Chris Stewart            Lee Stempniak            Dalton Prout             Mark Barberio            

Last Minutes Defensive
   Center                   Left Wing                Right Wing               Defense                  Defense                  
   Lee Stempniak            Jamie McGinn             Dale Weise               Eric Gelinas             MacKenzie Weegar         

Goaltenders
Starting : Steve Mason              
Backup : Scott Darling            

Extra Forwards
Normal : Dale Weise, Chris Stewart, Chris Kunitz - PP : Dale Weise, Chris Stewart - PK : Chris Stewart
Extra Defensemen
Normal : Dalton Prout, Eric Gelinas, Mark Barberio - PP : Dalton Prout - PK : Eric Gelinas, Mark Barberio
Penalty Shots
Milan Lucic, Chris Kunitz, Scott Hartnell, Mikkel Boedker, Jamie McGinn

PITTSBURGH Penguins

5 vs 5 Forward 
   Center                   Left Wing                Right Wing               Time % Phy DF OF 
 1 Evgeni Malkin            Jake Guentzel            Patrik Laine             35     1   2  2  
 2 Bryan Little             Tanner Pearson           Alexander Radulov        31     1   2  2  
 3 Brian Boyle              Zach Parise              Dustin Brown             24     1   2  2  
 4 Johan Larsson            Jordan Nolan             Jesse Puljujarvi         10     1   2  2  

5 vs 5 Defense 
   Defense                  Defense                                           Time % Phy DF OF 
 1 Brooks Orpik             Jake Gardiner                                     40     1   2  2  
 2 Marc Staal               Nate Schmidt                                      30     1   2  2  
 3 Robert Bortuzzo          Thomas Chabot                                     20     1   2  2  
 4 Brooks Orpik             Jake Gardiner                                     10     1   2  2  

PowerPlay Forward 
   Center                   Left Wing                Right Wing               Time % Phy DF OF 
 1 Evgeni Malkin            Patrik Laine             Alexander Radulov        60     1   2  2  
 2 Bryan Little             Zach Parise              Dustin Brown             40     1   2  2  

PowerPlay Defense
   Defense                  Defense                                           Time % Phy DF OF 
 1 Jake Gardiner            Nate Schmidt                                      60     1   2  2  
 2 Thomas Chabot            Robert Bortuzzo                                   40     1   2  2  

Penalty Kill 4 Players Forward 
   Center                   Wing                     Time % Phy DF OF 
 1 Brian Boyle              Dustin Brown             60     1   2  2  
 2 Bryan Little             Zach Parise              40     1   2  2  

Penalty Kill 4 Players Defense
   Defense                  Defense                  Time % Phy DF OF 
 1 Brooks Orpik             Nate Schmidt             60     1   2  2  
 2 Marc Staal               Nate Schmidt             40     1   2  2  

Penalty Kill - 3 Players Forward 
   Forward                                           Time % Phy DF OF 
 1 Bryan Little                                      60     1   2  2  
 2 Brian Boyle                                       40     1   2  2  

Penalty Kill - 3 Players Defense
   Defense                  Defense                  Time % Phy DF OF 
 1 Nate Schmidt             Marc Staal               60     1   2  2  
 2 Brooks Orpik             Jake Gardiner            40     1   2  2  

4 vs 4 Forward 
   Center                   Wing                     Time % Phy DF OF 
 1 Bryan Little             Patrik Laine             60     1   2  2  
 2 Evgeni Malkin            Alexander Radulov        40     1   2  2  

4 vs 4 Defense
   Defense                  Defense                  Time % Phy DF OF 
 1 Brooks Orpik             Robert Bortuzzo          60     1   2  2  
 2 Marc Staal               Nate Schmidt             40     1   2  2  

Last Minutes Offensive
   Center                   Left Wing                Right Wing               Defense                  Defense                  
   Evgeni Malkin            Patrik Laine             Dustin Brown             Brooks Orpik             Jake Gardiner            

Last Minutes Defensive
   Center                   Left Wing                Right Wing               Defense                  Defense                  
   Evgeni Malkin            Patrik Laine             Dustin Brown             Brooks Orpik             Jake Gardiner            

Goaltenders
Starting : Devan Dubnyk             
Backup : Christopher Gibson       

Extra Forwards
Normal : Patrik Laine, Jake Guentzel, Tanner Pearson - PP : Patrik Laine, Jake Guentzel - PK : Tanner Pearson
Extra Defensemen
Normal : Robert Bortuzzo, Brooks Orpik, Nate Schmidt - PP : Robert Bortuzzo - PK : Brooks Orpik, Nate Schmidt
Penalty Shots
Evgeni Malkin, Zach Parise, Jake Guentzel, Alexander Radulov, Dustin Brown


% Time on Ice - DALLAS Stars

Lines # - Real PCT - Wanted PCT - Time Play
Normal Forward
1 - 33% - 40% - 14:33
2 - 28% - 30% - 12:28
3 - 30% - 20% - 13:13
4 - 9% - 10% - 3:54
Normal Defense
1 - 32% - 40% - 14:10
2 - 35% - 30% - 15:21
3 - 24% - 20% - 10:33
4 - 9% - 10% - 4:04
PP Forward
1 - 56% - 60% - 3:21
2 - 44% - 40% - 2:36
PP Defense
1 - 47% - 60% - 2:47
2 - 53% - 40% - 3:10
PK Forward
1 - 71% - 60% - 7:02
2 - 29% - 40% - 2:53
PK Defense
1 - 65% - 60% - 6:25
2 - 35% - 40% - 3:30
PK3 Forward
1 - 0% - 60%
2 - 0% - 40%
PK3 Defense
1 - 0% - 60%
2 - 0% - 40%
44 Forward
1 - 0% - 60%
2 - 0% - 40%
44 Defense
1 - 0% - 60%
2 - 0% - 40%
Last Minute Offensive  - 0:00
Last Minute Defensive  - 0:00
Total
Forward - 60:00
Defense - 60:00

% Time on Ice - PITTSBURGH Penguins

Lines # - Real PCT - Wanted PCT - Time Play
Normal Forward
1 - 35% - 35% - 15:40
2 - 30% - 31% - 13:16
3 - 22% - 24% - 9:32
4 - 13% - 10% - 5:40
Normal Defense
1 - 45% - 40% - 19:57
2 - 22% - 30% - 9:52
3 - 25% - 20% - 11:03
4 - 7% - 10% - 3:16
PP Forward
1 - 62% - 60% - 6:10
2 - 38% - 40% - 3:45
PP Defense
1 - 55% - 60% - 5:29
2 - 45% - 40% - 4:26
PK Forward
1 - 69% - 60% - 4:08
2 - 31% - 40% - 1:49
PK Defense
1 - 97% - 60% - 5:48
2 - 3% - 40% - 0:09
PK3 Forward
1 - 0% - 60%
2 - 0% - 40%
PK3 Defense
1 - 0% - 60%
2 - 0% - 40%
44 Forward
1 - 0% - 60%
2 - 0% - 40%
44 Defense
1 - 0% - 60%
2 - 0% - 40%
Last Minute Offensive  - 0:00
Last Minute Defensive  - 0:00
Total
Forward - 60:00
Defense - 60:00

Play by Play

1st period


0:01 of 1st period - Dale Weise wins face-off versus Evgeni Malkin in neutral zone.
0:06 of 1st period - Shot by Tyler Ennis.
0:06 of 1st period - Shot Misses the Net.
0:12 of 1st period - Lee Stempniak is hit by Patrik Laine and loses puck.
0:30 of 1st period - Jake Guentzel is hit by Dalton Prout and loses puck.
0:57 of 1st period - Off-side.
0:58 of 1st period - Brian Boyle wins face-off versus Eric Fehr in neutral zone.
1:03 of 1st period - Shot by Zach Parise.
1:03 of 1st period - Shot Misses the Net.
1:05 of 1st period - Shot by Zach Parise.
1:05 of 1st period - Stopped by Steve Mason with a rebound.
1:19 of 1st period - Shot by Zach Parise.
1:19 of 1st period - Goal by Zach Parise - DALLAS Stars : 0 - PITTSBURGH Penguins : 1.
1:20 of 1st period - Derek Ryan wins face-off versus Bryan Little in neutral zone.
2:26 of 1st period - Jake Gardiner is hit by Chris Stewart.
2:30 of 1st period - Shot by Johan Larsson.
2:30 of 1st period - Shot Misses the Net.
2:32 of 1st period - Shot by Brooks Orpik.
2:32 of 1st period - Shot Misses the Net.
2:47 of 1st period - Shot by Brooks Orpik.
2:47 of 1st period - Stopped by Steve Mason without a rebound.
2:48 of 1st period - Brian Boyle wins face-off versus Milan Lucic in DALLAS Stars zone.
2:59 of 1st period - Zach Parise is hit by Dalton Prout and loses puck.
3:06 of 1st period - Shot by Zach Parise.
3:06 of 1st period - Shot Misses the Net.
3:08 of 1st period - Shot by Zach Parise.
3:08 of 1st period - Stopped by Steve Mason without a rebound.
3:09 of 1st period - Evgeni Malkin wins face-off versus Lee Stempniak in DALLAS Stars zone.
3:12 of 1st period - Shot by Patrik Laine.
3:12 of 1st period - Deflect By Evgeni Malkin.
3:12 of 1st period - Stopped by Steve Mason without a rebound.
3:13 of 1st period - Eric Fehr wins face-off versus Evgeni Malkin in DALLAS Stars zone.
3:15 of 1st period - Icing by MacKenzie Weegar.
3:16 of 1st period - Chris Stewart wins face-off versus Evgeni Malkin in DALLAS Stars zone.
3:20 of 1st period - Off-side.
3:21 of 1st period - Evgeni Malkin wins face-off versus Dale Weise in neutral zone.
3:59 of 1st period - Shot by Tyler Ennis.
3:59 of 1st period - Shot Misses the Net.
4:01 of 1st period - Shot by Ben Hutton.
4:01 of 1st period - Stopped by Devan Dubnyk with a rebound.
4:44 of 1st period - Shot by Chris Stewart.
4:44 of 1st period - Stopped by Devan Dubnyk with a rebound.
5:00 of 1st period - Shot by Chris Kunitz.
5:00 of 1st period - Shot Misses the Net.
5:07 of 1st period - Jamie McGinn is hit by Marc Staal and loses puck.
5:42 of 1st period - Connor Murphy is hit by Tanner Pearson and loses puck.
5:52 of 1st period - Minor Penalty to Nate Schmidt for Roughing.
5:53 of 1st period - Brian Boyle wins face-off versus Chris Stewart in PITTSBURGH Penguins zone.
6:04 of 1st period - Shot by Scott Hartnell.
6:04 of 1st period - Shot Misses the Net.
6:06 of 1st period - Shot by Scott Hartnell.
6:06 of 1st period - Stopped by Devan Dubnyk without a rebound.
6:07 of 1st period - Chris Stewart wins face-off versus Brian Boyle in PITTSBURGH Penguins zone.
6:20 of 1st period - Shot by Chris Stewart.
6:20 of 1st period - Stopped by Devan Dubnyk without a rebound.
6:21 of 1st period - Dustin Brown wins face-off versus Eric Fehr in PITTSBURGH Penguins zone.
7:21 of 1st period - Shot by Ben Hutton.
7:21 of 1st period - Shot Misses the Net.
7:37 of 1st period - Marc Staal is hit by Dale Weise and loses puck.
8:16 of 1st period - Off-side.
8:17 of 1st period - Johan Larsson wins face-off versus Derek Ryan in neutral zone.
8:39 of 1st period - Johan Larsson is hit by Connor Murphy and loses puck.
9:17 of 1st period - Shot by MacKenzie Weegar.
9:17 of 1st period - Shot Misses the Net.
9:44 of 1st period - Shot by Evgeni Malkin.
9:44 of 1st period - Stopped by Steve Mason without a rebound.
9:45 of 1st period - Brian Boyle wins face-off versus Eric Fehr in DALLAS Stars zone.
10:04 of 1st period - Shot by Brian Boyle.
10:04 of 1st period - Stopped by Steve Mason without a rebound.
10:05 of 1st period - Derek Ryan wins face-off versus Bryan Little in DALLAS Stars zone.
10:05 of 1st period - Chris Kunitz is hit by Alexander Radulov and loses puck.
10:09 of 1st period - Chris Kunitz is hit by Alexander Radulov and loses puck.
10:22 of 1st period - Shot by Derek Ryan.
10:22 of 1st period - Shot Misses the Net.
10:25 of 1st period - Chris Kunitz is hit by Jake Gardiner and loses puck.
10:29 of 1st period - Jamie McGinn is hit by Brooks Orpik and loses puck.
10:34 of 1st period - Shot by Chris Kunitz.
10:34 of 1st period - Stopped by Devan Dubnyk without a rebound.
10:35 of 1st period - Dale Weise wins face-off versus Brian Boyle in PITTSBURGH Penguins zone.
10:35 of 1st period - Dale Weise is hit by Thomas Chabot.
10:40 of 1st period - Minor Penalty to Dale Weise for Hooking.
10:41 of 1st period - Evgeni Malkin wins face-off versus Tyler Ennis in DALLAS Stars zone.
10:42 of 1st period - Shot by Patrik Laine.
10:42 of 1st period - Stopped by Steve Mason with a rebound.
10:44 of 1st period - Shot by Evgeni Malkin.
10:44 of 1st period - Shot Misses the Net.
10:46 of 1st period - Shot by Evgeni Malkin.
10:46 of 1st period - Stopped by Steve Mason without a rebound.
10:47 of 1st period - Tyler Ennis wins face-off versus Evgeni Malkin in DALLAS Stars zone.
11:03 of 1st period - Evgeni Malkin is hit by MacKenzie Weegar and loses puck.
11:12 of 1st period - Shot by Patrik Laine.
11:12 of 1st period - Stopped by Steve Mason without a rebound.
11:13 of 1st period - Bryan Little wins face-off versus Tyler Ennis in DALLAS Stars zone.
11:14 of 1st period - Shot by Dustin Brown.
11:14 of 1st period - Shot Blocked by Eric Gelinas.
11:16 of 1st period - Shot by Bryan Little.
11:16 of 1st period - Shot Misses the Net.
11:26 of 1st period - Shot by Zach Parise.
11:26 of 1st period - Shot Misses the Net.
11:28 of 1st period - Shot by Dustin Brown.
11:28 of 1st period - Stopped by Steve Mason with a rebound.
11:30 of 1st period - Shot by Dustin Brown.
11:30 of 1st period - Shot Misses the Net.
11:40 of 1st period - Shot by Dustin Brown.
11:40 of 1st period - Shot Misses the Net.
11:42 of 1st period - Shot by Zach Parise.
11:42 of 1st period - Deflect By Bryan Little.
11:42 of 1st period - Stopped by Steve Mason with a rebound.
12:10 of 1st period - Shot by Evgeni Malkin.
12:10 of 1st period - Stopped by Steve Mason with a rebound.
12:12 of 1st period - Shot by Patrik Laine.
12:12 of 1st period - Stopped by Steve Mason without a rebound.
12:13 of 1st period - Evgeni Malkin wins face-off versus Tyler Ennis in DALLAS Stars zone.
12:20 of 1st period - Shot by Evgeni Malkin.
12:20 of 1st period - Stopped by Steve Mason without a rebound.
12:21 of 1st period - Evgeni Malkin wins face-off versus Chris Stewart in DALLAS Stars zone.
12:24 of 1st period - Shot by Alexander Radulov.
12:24 of 1st period - Stopped by Steve Mason without a rebound.
12:25 of 1st period - Evgeni Malkin wins face-off versus Tyler Ennis in DALLAS Stars zone.
12:38 of 1st period - Chris Stewart is hit by Alexander Radulov and loses puck.
13:09 of 1st period - Shot by Derek Ryan.
13:09 of 1st period - Shot Misses the Net.
13:38 of 1st period - Icing by Dustin Brown.
13:39 of 1st period - Dale Weise wins face-off versus Brian Boyle in PITTSBURGH Penguins zone.
13:58 of 1st period - Shot by Tyler Ennis.
13:58 of 1st period - Stopped by Devan Dubnyk with a rebound.
14:25 of 1st period - Shot by Jake Guentzel.
14:25 of 1st period - Shot Misses the Net.
14:27 of 1st period - Shot by Jake Guentzel.
14:27 of 1st period - Stopped by Steve Mason without a rebound.
14:28 of 1st period - Eric Fehr wins face-off versus Bryan Little in DALLAS Stars zone.
15:00 of 1st period - Shot by Alexander Radulov.
15:00 of 1st period - Stopped by Steve Mason with a rebound.
15:19 of 1st period - Icing by Mark Barberio.
15:20 of 1st period - Evgeni Malkin wins face-off versus Eric Fehr in DALLAS Stars zone.
15:27 of 1st period - Shot by Evgeni Malkin.
15:27 of 1st period - Shot Misses the Net.
15:29 of 1st period - Shot by Jake Gardiner.
15:29 of 1st period - Shot Blocked by Scott Hartnell.
15:37 of 1st period - Shot by Patrik Laine.
15:37 of 1st period - Shot Misses the Net.
15:39 of 1st period - Shot by Jake Gardiner.
15:39 of 1st period - Shot Misses the Net.
15:48 of 1st period - Icing by Eric Fehr.
15:49 of 1st period - Brian Boyle wins face-off versus Eric Fehr in DALLAS Stars zone.
16:03 of 1st period - Off-side.
16:04 of 1st period - Bryan Little wins face-off versus Dale Weise in neutral zone.
16:18 of 1st period - Shot by Tanner Pearson.
16:18 of 1st period - Goal by Tanner Pearson - DALLAS Stars : 0 - PITTSBURGH Penguins : 2.
16:19 of 1st period - Evgeni Malkin wins face-off versus Derek Ryan in neutral zone.
16:35 of 1st period - Icing by Ben Hutton.
16:36 of 1st period - Brian Boyle wins face-off versus Derek Ryan in DALLAS Stars zone.
16:36 of 1st period - Brian Boyle is hit by Connor Murphy.
16:38 of 1st period - Shot by Dustin Brown.
16:38 of 1st period - Stopped by Steve Mason with a rebound.
16:50 of 1st period - Shot by Chris Kunitz.
16:50 of 1st period - Shot Blocked by Marc Staal.
16:55 of 1st period - Minor Penalty to Nate Schmidt for Tripping.
16:56 of 1st period - Chris Stewart wins face-off versus Brian Boyle in PITTSBURGH Penguins zone.
17:05 of 1st period - Shot by Mark Barberio.
17:05 of 1st period - Stopped by Devan Dubnyk with a rebound.
17:07 of 1st period - Shot by Mark Barberio.
17:07 of 1st period - Shot Blocked by Marc Staal.
17:09 of 1st period - Shot by Chris Stewart.
17:09 of 1st period - Stopped by Devan Dubnyk without a rebound.
17:10 of 1st period - Jamie McGinn wins face-off versus Dustin Brown in PITTSBURGH Penguins zone.
17:19 of 1st period - Shot by Eric Gelinas.
17:19 of 1st period - Shot Blocked by Brooks Orpik.
17:51 of 1st period - Shot by Chris Stewart.
17:51 of 1st period - Stopped by Devan Dubnyk with a rebound.
17:53 of 1st period - Shot by Ben Hutton.
17:53 of 1st period - Shot Blocked by Brooks Orpik.
17:55 of 1st period - Shot by Chris Stewart.
17:55 of 1st period - Shot Blocked by Brooks Orpik.
17:57 of 1st period - Shot by Dalton Prout.
17:57 of 1st period - Shot Misses the Net.
17:59 of 1st period - Shot by Ben Hutton.
17:59 of 1st period - Stopped by Devan Dubnyk without a rebound.
18:00 of 1st period - Chris Stewart wins face-off versus Brian Boyle in PITTSBURGH Penguins zone.
18:20 of 1st period - Off-side.
18:21 of 1st period - Eric Fehr wins face-off versus Brian Boyle in neutral zone.
18:38 of 1st period - Shot by Jamie McGinn.
18:38 of 1st period - Stopped by Devan Dubnyk without a rebound.
18:39 of 1st period - Chris Stewart wins face-off versus Brian Boyle in PITTSBURGH Penguins zone.
19:00 of 1st period - Shot by Evgeni Malkin.
19:00 of 1st period - Stopped by Steve Mason without a rebound.
19:01 of 1st period - Dale Weise wins face-off versus Jake Guentzel in DALLAS Stars zone.
19:07 of 1st period - Minor Penalty to Connor Murphy for Roughing.
19:08 of 1st period - Evgeni Malkin wins face-off versus Tyler Ennis in DALLAS Stars zone.
19:27 of 1st period - Shot by Evgeni Malkin.
19:27 of 1st period - Stopped by Steve Mason without a rebound.
19:28 of 1st period - Bryan Little wins face-off versus Tyler Ennis in DALLAS Stars zone.
19:37 of 1st period - Shot by Dustin Brown.
19:37 of 1st period - Stopped by Steve Mason without a rebound.
19:38 of 1st period - Evgeni Malkin wins face-off versus Tyler Ennis in DALLAS Stars zone.
19:45 of 1st period - Shot by Evgeni Malkin.
19:45 of 1st period - Shot Misses the Net.
Goals for this period are 0 for DALLAS Stars vs 2 for PITTSBURGH Penguins.
Shots for this period are 11 for DALLAS Stars vs 23 for PITTSBURGH Penguins.

2nd period


0:01 of 2nd period - Tyler Ennis wins face-off versus Evgeni Malkin in neutral zone.
0:16 of 2nd period - Shot by Patrik Laine.
0:16 of 2nd period - Shot Blocked by MacKenzie Weegar.
0:22 of 2nd period - Shot by Alexander Radulov.
0:22 of 2nd period - Shot Misses the Net.
1:08 of 2nd period - Shot by Johan Larsson.
1:08 of 2nd period - Shot Misses the Net.
1:10 of 2nd period - Shot by Brooks Orpik.
1:10 of 2nd period - Stopped by Steve Mason without a rebound.
1:11 of 2nd period - Chris Kunitz wins face-off versus Johan Larsson in DALLAS Stars zone.
1:26 of 2nd period - Icing by Thomas Chabot.
1:27 of 2nd period - Johan Larsson wins face-off versus Dale Weise in PITTSBURGH Penguins zone.
1:27 of 2nd period - Johan Larsson is hit by Dale Weise.
1:32 of 2nd period - Icing by Jesse Puljujarvi.
1:33 of 2nd period - Jesse Puljujarvi wins face-off versus Chris Kunitz in PITTSBURGH Penguins zone.
2:12 of 2nd period - Chris Kunitz is hit by Jordan Nolan and loses puck.
2:51 of 2nd period - Shot by Patrik Laine.
2:51 of 2nd period - Shot Misses the Net.
2:57 of 2nd period - Shot by Mark Barberio.
2:57 of 2nd period - Stopped by Devan Dubnyk without a rebound.
2:58 of 2nd period - Chris Stewart wins face-off versus Bryan Little in PITTSBURGH Penguins zone.
3:16 of 2nd period - Icing by Ben Hutton.
3:17 of 2nd period - Eric Fehr wins face-off versus Evgeni Malkin in DALLAS Stars zone.
3:33 of 2nd period - Icing by Eric Fehr.
3:34 of 2nd period - Bryan Little wins face-off versus Eric Fehr in DALLAS Stars zone.
3:39 of 2nd period - Shot by Marc Staal.
3:39 of 2nd period - Stopped by Steve Mason without a rebound.
3:40 of 2nd period - Dale Weise wins face-off versus Evgeni Malkin in DALLAS Stars zone.
3:48 of 2nd period - Shot by Jake Guentzel.
3:48 of 2nd period - Stopped by Steve Mason without a rebound.
3:49 of 2nd period - Bryan Little wins face-off versus Dale Weise in DALLAS Stars zone.
3:56 of 2nd period - Shot by Tanner Pearson.
3:56 of 2nd period - Deflect By Bryan Little.
3:56 of 2nd period - Stopped by Steve Mason without a rebound.
3:57 of 2nd period - Evgeni Malkin wins face-off versus Dale Weise in DALLAS Stars zone.
4:05 of 2nd period - Lee Stempniak is hit by Brooks Orpik and loses puck.
4:27 of 2nd period - Brooks Orpik is hit by Lee Stempniak and loses puck.
4:28 of 2nd period - Brooks Orpik from PITTSBURGH Penguins is injured at 4:28 of 2nd period (Strained Right Elbow).
4:29 of 2nd period - Brian Boyle wins face-off versus Eric Fehr in neutral zone.
4:29 of 2nd period - Dustin Brown is hit by Scott Hartnell and loses puck.
4:48 of 2nd period - Minor Penalty to Chris Stewart for Holding.
4:49 of 2nd period - Evgeni Malkin wins face-off versus Tyler Ennis in DALLAS Stars zone.
4:57 of 2nd period - Shot by Robert Bortuzzo.
4:57 of 2nd period - Stopped by Steve Mason without a rebound.
4:58 of 2nd period - Evgeni Malkin wins face-off versus Tyler Ennis in DALLAS Stars zone.
5:07 of 2nd period - Shot by Nate Schmidt.
5:07 of 2nd period - Shot Blocked by Tyler Ennis.
5:09 of 2nd period - Shot by Alexander Radulov.
5:09 of 2nd period - Shot Misses the Net.
5:13 of 2nd period - Shot by Patrik Laine.
5:13 of 2nd period - Deflect By Evgeni Malkin.
5:13 of 2nd period - Stopped by Steve Mason without a rebound.
5:14 of 2nd period - Bryan Little wins face-off versus Tyler Ennis in DALLAS Stars zone.
5:15 of 2nd period - Shot by Dustin Brown.
5:15 of 2nd period - Stopped by Steve Mason with a rebound.
5:17 of 2nd period - Shot by Dustin Brown.
5:17 of 2nd period - Shot Misses the Net.
5:23 of 2nd period - Shot by Dustin Brown.
5:23 of 2nd period - Shot Misses the Net.
5:25 of 2nd period - Shot by Dustin Brown.
5:25 of 2nd period - Shot Misses the Net.
5:27 of 2nd period - Shot by Bryan Little.
5:27 of 2nd period - Stopped by Steve Mason with a rebound.
5:31 of 2nd period - Shot by Zach Parise.
5:31 of 2nd period - Stopped by Steve Mason without a rebound.
5:32 of 2nd period - Eric Fehr wins face-off versus Patrik Laine in DALLAS Stars zone.
5:32 of 2nd period - Eric Fehr is hit by Alexander Radulov.
6:36 of 2nd period - Shot by Zach Parise.
6:36 of 2nd period - Shot Misses the Net.
6:38 of 2nd period - Shot by Robert Bortuzzo.
6:38 of 2nd period - Shot Misses the Net.
6:40 of 2nd period - Shot by Robert Bortuzzo.
6:40 of 2nd period - Shot Misses the Net.
6:42 of 2nd period - Shot by Bryan Little.
6:42 of 2nd period - Stopped by Steve Mason without a rebound.
6:43 of 2nd period - Bryan Little wins face-off versus Tyler Ennis in DALLAS Stars zone.
7:02 of 2nd period - Icing by Chris Kunitz.
7:03 of 2nd period - Derek Ryan wins face-off versus Brian Boyle in DALLAS Stars zone.
7:09 of 2nd period - Marc Staal is hit by Ben Hutton and loses puck.
7:36 of 2nd period - Shot by Jamie McGinn.
7:36 of 2nd period - Stopped by Devan Dubnyk without a rebound.
7:37 of 2nd period - Bryan Little wins face-off versus Dale Weise in PITTSBURGH Penguins zone.
7:50 of 2nd period - Shot by Bryan Little.
7:50 of 2nd period - Stopped by Steve Mason with a rebound.
8:54 of 2nd period - Shot by Evgeni Malkin.
8:54 of 2nd period - Shot Blocked by Eric Gelinas.
9:11 of 2nd period - Off-side.
9:12 of 2nd period - Eric Fehr wins face-off versus Brian Boyle in neutral zone.
9:33 of 2nd period - Off-side.
9:34 of 2nd period - Bryan Little wins face-off versus Derek Ryan in neutral zone.
9:56 of 2nd period - Shot by Bryan Little.
9:56 of 2nd period - Shot Misses the Net.
10:05 of 2nd period - Icing by Derek Ryan.
10:06 of 2nd period - Jamie McGinn wins face-off versus Evgeni Malkin in DALLAS Stars zone.
10:48 of 2nd period - Icing by MacKenzie Weegar.
10:49 of 2nd period - Eric Fehr wins face-off versus Bryan Little in DALLAS Stars zone.
11:02 of 2nd period - Icing by Robert Bortuzzo.
11:03 of 2nd period - Tanner Pearson wins face-off versus Dale Weise in PITTSBURGH Penguins zone.
11:07 of 2nd period - Off-side.
11:08 of 2nd period - Brian Boyle wins face-off versus Dale Weise in neutral zone.
11:24 of 2nd period - Shot by Dale Weise.
11:24 of 2nd period - Stopped by Devan Dubnyk with a rebound.
11:40 of 2nd period - Shot by Tyler Ennis.
11:40 of 2nd period - Shot Misses the Net.
11:42 of 2nd period - Shot by Mark Barberio.
11:42 of 2nd period - Shot Blocked by Nate Schmidt.
11:44 of 2nd period - Shot by MacKenzie Weegar.
11:44 of 2nd period - Stopped by Devan Dubnyk without a rebound.
11:45 of 2nd period - Evgeni Malkin wins face-off versus Eric Fehr in PITTSBURGH Penguins zone.
11:45 of 2nd period - Evgeni Malkin is hit by Scott Hartnell.
11:55 of 2nd period - Shot by Evgeni Malkin.
11:55 of 2nd period - Deflect By Patrik Laine.
11:55 of 2nd period - Stopped by Steve Mason without a rebound.
11:56 of 2nd period - Bryan Little wins face-off versus Derek Ryan in DALLAS Stars zone.
13:07 of 2nd period - Shot by Lee Stempniak.
13:07 of 2nd period - Stopped by Devan Dubnyk without a rebound.
13:08 of 2nd period - Evgeni Malkin wins face-off versus Eric Fehr in PITTSBURGH Penguins zone.
13:20 of 2nd period - Shot by Chris Stewart.
13:20 of 2nd period - Stopped by Devan Dubnyk without a rebound.
13:21 of 2nd period - Milan Lucic wins face-off versus Brian Boyle in PITTSBURGH Penguins zone.
13:25 of 2nd period - Icing by Nate Schmidt.
13:26 of 2nd period - Dale Weise wins face-off versus Brian Boyle in PITTSBURGH Penguins zone.
14:51 of 2nd period - Evgeni Malkin is hit by MacKenzie Weegar and loses puck.
14:54 of 2nd period - Shot by Patrik Laine.
14:54 of 2nd period - Shot Misses the Net.
14:56 of 2nd period - Shot by Jake Guentzel.
14:56 of 2nd period - Shot Hit the Post.
14:57 of 2nd period - Minor Penalty to MacKenzie Weegar for Interference.
14:58 of 2nd period - Evgeni Malkin wins face-off versus Tyler Ennis in DALLAS Stars zone.
15:19 of 2nd period - Alexander Radulov is hit by Connor Murphy and loses puck.
15:44 of 2nd period - Shot by Jake Gardiner.
15:44 of 2nd period - Stopped by Steve Mason with a rebound.
15:46 of 2nd period - Shot by Nate Schmidt.
15:46 of 2nd period - Shot Hit the Post.
15:48 of 2nd period - Shot by Dustin Brown.
15:48 of 2nd period - Stopped by Steve Mason without a rebound.
15:49 of 2nd period - Eric Fehr wins face-off versus Bryan Little in DALLAS Stars zone.
16:05 of 2nd period - Off-side.
16:06 of 2nd period - Evgeni Malkin wins face-off versus Tyler Ennis in neutral zone.
17:16 of 2nd period - Shot by Derek Ryan.
17:16 of 2nd period - Stopped by Devan Dubnyk without a rebound.
17:17 of 2nd period - Bryan Little wins face-off versus Eric Fehr in PITTSBURGH Penguins zone.
17:40 of 2nd period - Shot by Scott Hartnell.
17:40 of 2nd period - Shot Blocked by Nate Schmidt.
18:21 of 2nd period - Icing by Jake Gardiner.
18:22 of 2nd period - Bryan Little wins face-off versus Dale Weise in PITTSBURGH Penguins zone.
18:37 of 2nd period - Shot by Jake Guentzel.
18:37 of 2nd period - Stopped by Steve Mason without a rebound.
18:38 of 2nd period - Evgeni Malkin wins face-off versus Milan Lucic in DALLAS Stars zone.
18:46 of 2nd period - Evgeni Malkin is hit by Connor Murphy and loses puck.
19:03 of 2nd period - Shot by Patrik Laine.
19:03 of 2nd period - Shot Misses the Net.
19:09 of 2nd period - Shot by Jake Guentzel.
19:09 of 2nd period - Shot Blocked by Tyler Ennis.
19:11 of 2nd period - Shot by Evgeni Malkin.
19:11 of 2nd period - Goal by Evgeni Malkin - DALLAS Stars : 0 - PITTSBURGH Penguins : 3.
19:12 of 2nd period - Dustin Brown wins face-off versus Eric Fehr in neutral zone.
19:18 of 2nd period - Dustin Brown is hit by Eric Gelinas and loses puck.
19:21 of 2nd period - Shot by Zach Parise.
19:21 of 2nd period - Shot Hit the Post.
19:23 of 2nd period - Shot by Brian Boyle.
19:23 of 2nd period - Deflect By Zach Parise.
19:23 of 2nd period - Shot Misses the Net.
19:25 of 2nd period - Shot by Marc Staal.
19:25 of 2nd period - Stopped by Steve Mason without a rebound.
19:26 of 2nd period - Derek Ryan wins face-off versus Jordan Nolan in DALLAS Stars zone.
19:33 of 2nd period - Shot by Chris Kunitz.
19:33 of 2nd period - Stopped by Devan Dubnyk without a rebound.
19:34 of 2nd period - Eric Fehr wins face-off versus Evgeni Malkin in PITTSBURGH Penguins zone.
19:34 of 2nd period - Dalton Prout is hit by Robert Bortuzzo and loses puck.
19:45 of 2nd period - Shot by Eric Fehr.
19:45 of 2nd period - Shot Misses the Net.
19:47 of 2nd period - Shot by Chris Stewart.
19:47 of 2nd period - Stopped by Devan Dubnyk without a rebound.
19:48 of 2nd period - Dale Weise wins face-off versus Bryan Little in PITTSBURGH Penguins zone.
19:57 of 2nd period - Shot by Alexander Radulov.
19:57 of 2nd period - Stopped by Steve Mason without a rebound.
19:58 of 2nd period - Eric Fehr wins face-off versus Evgeni Malkin in DALLAS Stars zone.
Goals for this period are 0 for DALLAS Stars vs 1 for PITTSBURGH Penguins.
Shots for this period are 9 for DALLAS Stars vs 18 for PITTSBURGH Penguins.

3rd period


0:01 of 3rd period - Evgeni Malkin wins face-off versus Dale Weise in neutral zone.
0:21 of 3rd period - Shot by Lee Stempniak.
0:21 of 3rd period - Stopped by Devan Dubnyk without a rebound.
0:22 of 3rd period - Bryan Little wins face-off versus Eric Fehr in PITTSBURGH Penguins zone.
0:24 of 3rd period - Icing by Alexander Radulov.
0:25 of 3rd period - Bryan Little wins face-off versus Eric Fehr in PITTSBURGH Penguins zone.
0:35 of 3rd period - Shot by Marc Staal.
0:35 of 3rd period - Stopped by Steve Mason without a rebound.
0:36 of 3rd period - Evgeni Malkin wins face-off versus Dale Weise in DALLAS Stars zone.
0:36 of 3rd period - Jake Gardiner is hit by Dalton Prout and loses puck.
0:57 of 3rd period - Shot by Tyler Ennis.
0:57 of 3rd period - Shot Misses the Net.
1:02 of 3rd period - Minor Penalty to Robert Bortuzzo for Roughing.
1:03 of 3rd period - Eric Fehr wins face-off versus Brian Boyle in PITTSBURGH Penguins zone.
1:16 of 3rd period - Shot by Chris Kunitz.
1:16 of 3rd period - Shot Blocked by Marc Staal.
1:25 of 3rd period - Off-side.
1:26 of 3rd period - Brian Boyle wins face-off versus Chris Stewart in neutral zone.
1:53 of 3rd period - Shot by Chris Stewart.
1:53 of 3rd period - Stopped by Devan Dubnyk without a rebound.
1:54 of 3rd period - Bryan Little wins face-off versus Chris Kunitz in PITTSBURGH Penguins zone.
2:59 of 3rd period - Shot by Dale Weise.
2:59 of 3rd period - Shot Misses the Net.
3:07 of 3rd period - Shot by Scott Hartnell.
3:07 of 3rd period - Shot Misses the Net.
3:09 of 3rd period - Shot by Connor Murphy.
3:09 of 3rd period - Shot Misses the Net.
3:12 of 3rd period - Minor Penalty to Milan Lucic for High sticking.
3:13 of 3rd period - Evgeni Malkin wins face-off versus Tyler Ennis in DALLAS Stars zone.
3:24 of 3rd period - Shot by Evgeni Malkin.
3:24 of 3rd period - Shot Blocked by Scott Hartnell.
3:51 of 3rd period - Shot by Patrik Laine.
3:51 of 3rd period - Stopped by Steve Mason without a rebound.
3:52 of 3rd period - Dustin Brown wins face-off versus Chris Stewart in DALLAS Stars zone.
3:55 of 3rd period - Shot by Jake Gardiner.
3:55 of 3rd period - Shot Misses the Net.
3:57 of 3rd period - Shot by Nate Schmidt.
3:57 of 3rd period - Shot Misses the Net.
3:59 of 3rd period - Shot by Jake Gardiner.
3:59 of 3rd period - Stopped by Steve Mason without a rebound.
4:00 of 3rd period - Bryan Little wins face-off versus Tyler Ennis in DALLAS Stars zone.
4:31 of 3rd period - Shot by Jake Gardiner.
4:31 of 3rd period - Shot Misses the Net.
5:10 of 3rd period - Shot by Alexander Radulov.
5:10 of 3rd period - Deflect By Evgeni Malkin.
5:10 of 3rd period - Stopped by Steve Mason with a rebound.
5:12 of 3rd period - Shot by Evgeni Malkin.
5:12 of 3rd period - Stopped by Steve Mason with a rebound.
5:14 of 3rd period - Shot by Jesse Puljujarvi.
5:14 of 3rd period - Shot Misses the Net.
5:16 of 3rd period - Shot by Jake Gardiner.
5:16 of 3rd period - Stopped by Steve Mason without a rebound.
5:17 of 3rd period - Johan Larsson wins face-off versus Derek Ryan in DALLAS Stars zone.
5:46 of 3rd period - Shot by Derek Ryan.
5:46 of 3rd period - Stopped by Devan Dubnyk without a rebound.
5:47 of 3rd period - Dale Weise wins face-off versus Evgeni Malkin in PITTSBURGH Penguins zone.
6:01 of 3rd period - Icing by Mark Barberio.
6:02 of 3rd period - Dale Weise wins face-off versus Bryan Little in DALLAS Stars zone.
6:27 of 3rd period - Shot by Alexander Radulov.
6:27 of 3rd period - Stopped by Steve Mason with a rebound.
6:57 of 3rd period - Shot by Evgeni Malkin.
6:57 of 3rd period - Stopped by Steve Mason with a rebound.
7:03 of 3rd period - Mark Barberio is hit by Jake Guentzel.
7:23 of 3rd period - Dalton Prout is hit by Robert Bortuzzo and loses puck.
7:47 of 3rd period - Shot by Ben Hutton.
7:47 of 3rd period - Shot Misses the Net.
7:53 of 3rd period - Shot by Chris Stewart.
7:53 of 3rd period - Stopped by Devan Dubnyk without a rebound.
7:54 of 3rd period - Bryan Little wins face-off versus Derek Ryan in PITTSBURGH Penguins zone.
8:02 of 3rd period - Off-side.
8:03 of 3rd period - Brian Boyle wins face-off versus Derek Ryan in neutral zone.
8:07 of 3rd period - Off-side.
8:08 of 3rd period - Eric Fehr wins face-off versus Brian Boyle in neutral zone.
8:33 of 3rd period - Shot by Brian Boyle.
8:33 of 3rd period - Shot Misses the Net.
9:20 of 3rd period - Alexander Radulov is hit by MacKenzie Weegar and loses puck.
11:14 of 3rd period - Shot by Chris Stewart.
11:14 of 3rd period - Stopped by Devan Dubnyk without a rebound.
11:15 of 3rd period - Johan Larsson wins face-off versus Eric Fehr in PITTSBURGH Penguins zone.
11:36 of 3rd period - Robert Bortuzzo is hit by Chris Stewart and loses puck.
12:21 of 3rd period - Shot by Brian Boyle.
12:21 of 3rd period - Stopped by Steve Mason without a rebound.
12:22 of 3rd period - Derek Ryan wins face-off versus Evgeni Malkin in DALLAS Stars zone.
12:24 of 3rd period - Icing by Chris Kunitz.
12:25 of 3rd period - Derek Ryan wins face-off versus Jake Guentzel in DALLAS Stars zone.
12:30 of 3rd period - Patrik Laine is hit by Chris Kunitz and loses puck.
12:53 of 3rd period - Shot by Chris Kunitz.
12:53 of 3rd period - Stopped by Devan Dubnyk without a rebound.
12:54 of 3rd period - Tanner Pearson wins face-off versus Eric Fehr in PITTSBURGH Penguins zone.
13:04 of 3rd period - Tanner Pearson is hit by Eric Gelinas and loses puck.
13:11 of 3rd period - Shot by Tanner Pearson.
13:11 of 3rd period - Stopped by Steve Mason without a rebound.
13:12 of 3rd period - Dale Weise wins face-off versus Brian Boyle in DALLAS Stars zone.
14:22 of 3rd period - Shot by Patrik Laine.
14:22 of 3rd period - Stopped by Steve Mason without a rebound.
14:23 of 3rd period - Bryan Little wins face-off versus Derek Ryan in DALLAS Stars zone.
14:36 of 3rd period - Shot by Derek Ryan.
14:36 of 3rd period - Stopped by Devan Dubnyk without a rebound.
14:37 of 3rd period - Evgeni Malkin wins face-off versus Chris Stewart in PITTSBURGH Penguins zone.
15:03 of 3rd period - Shot by Jake Guentzel.
15:03 of 3rd period - Stopped by Steve Mason without a rebound.
15:04 of 3rd period - Bryan Little wins face-off versus Derek Ryan in DALLAS Stars zone.
15:36 of 3rd period - Icing by Alexander Radulov.
15:37 of 3rd period - Dale Weise wins face-off versus Bryan Little in PITTSBURGH Penguins zone.
15:50 of 3rd period - Shot by Lee Stempniak.
15:50 of 3rd period - Stopped by Devan Dubnyk without a rebound.
15:51 of 3rd period - Eric Fehr wins face-off versus Evgeni Malkin in PITTSBURGH Penguins zone.
15:58 of 3rd period - Shot by Evgeni Malkin.
15:58 of 3rd period - Stopped by Steve Mason without a rebound.
15:59 of 3rd period - Patrik Laine wins face-off versus Dale Weise in DALLAS Stars zone.
17:04 of 3rd period - Shot by Chris Stewart.
17:04 of 3rd period - Shot Blocked by Nate Schmidt.
17:59 of 3rd period - Shot by Chris Kunitz.
17:59 of 3rd period - Shot Misses the Net.
18:15 of 3rd period - Shot by Bryan Little.
18:15 of 3rd period - Shot Misses the Net.
18:31 of 3rd period - Icing by Chris Kunitz.
18:32 of 3rd period - Derek Ryan wins face-off versus Brian Boyle in DALLAS Stars zone.
18:38 of 3rd period - Derek Ryan is hit by Johan Larsson and loses puck.
Goals for this period are 0 for DALLAS Stars vs 0 for PITTSBURGH Penguins.
Shots for this period are 8 for DALLAS Stars vs 13 for PITTSBURGH Penguins.